[Event "Live Chess"]
[Site "Chess.com"]
[Date "2024.06.02"]
[Round "-"]
[White "McSlash1"]
[Black "PureDashingOctopus"]
[Result "0-1"]
[WhiteElo "2111"]
[BlackElo "2279"]
[TimeControl "300"]
[EndTime "4:51:29 PDT"]
[Termination "PureDashingOctopus won by resignation"]

1. e4 c5 2. Nc3 d6 3. f4 Nc6 4. Nf3 g6 5. Bc4 Bg7 6. O-O e6 7. f5 exf5 8. d3 Nge7 9. Qe1 O-O 10. Qh4 Nd4 11. Ng5 h6 12. Nh3 Nec6 13. Qg3 Nxc2 14.
Qxg6 Nxa1 15. Bxh6 Qf6 16. Qxf6 Bxf6 17. Bxf8 Kxf8 18. Rxa1 Bxc3 19. bxc3 fxe4 20. dxe4 Bxh3 21. gxh3 Ke7 22. Rb1 Rg8+ 23. Kh1 b6 24. Rf1 Ne5 25. Bb3 Rh8 26. Kg2 f6 27. a4 Rh4 28. Kg3 Rxe4 29. h4 Re3+ 30. Kf4 Rxc3 31. Bd1 Rh3 32. h5 c4 33. Rf2 c3 34. Bc2 d5 35. Kf5 Rxh5+ 0-1

[Event "Live Chess"]
[Site "Chess.com"]
[Date "2024.06.02"]
[Round "-"]
[White "juniortay"]
[Black "Grace6363"]
[Result "1-0"]
[WhiteElo "2355"]
[BlackElo "1148"]
[TimeControl "300"]
[EndTime "4:51:56 PDT"]
[Termination "juniortay won by resignation"]

1. e4 c5 2. Nf3 Nf6 3. Nc3 d6 4. d4 Nc6 5. d5 Bg4 6. dxc6 Qa5 7. Bd2 Qb6 8. cxb7 Bxf3 9. Qxf3 c4 10.
bxa8=Q+ Kd7 11. Bxc4 1-0

[Event "Live Chess"]
[Site "Chess.com"]
[Date "2024.06.02"]
[Round "-"]
[White "CheckThis4"]
[Black "NeilDruggan73"]
[Result "1-0"]
[WhiteElo "2689"]
[BlackElo "1707"]
[TimeControl "300"]
[EndTime "4:52:14 PDT"]
[Termination "CheckThis4 won by resignation"]

1. d4 Nf6 2. Nc3 g6 3. e4 d6 4.
Be3 Bg7 5. Qd2 Nc6 6. O-O-O e5 7.
d5 Ne7 8. f3 Nh5 9. Nge2 O-O 10. g4 Nf6 11. Bh6 a6 12. h4 Ne8 13. h5 f5 14. hxg6 f4 15. gxh7+ Kf7 16. Bg5 Rh8 17. Nxf4 exf4 18. Qxf4+ Nf6 19. Bxf6 Bxf6 20. g5 Ng6 21. Qxf6+ Qxf6 22. gxf6 Bd7 23. Bh3 Bxh3 24. Rxh3 Nf4 25. Rh6 Rae8 26. Rg1 b5 27. Rg7+ Kf8 28. Rxc7 b4 29. Na4 a5 30. Nb6 Nxd5 31. Nxd5 1-0

[Event "Live Chess"]
[Site "Chess.com"]
[Date "2024.06.02"]
[Round "-"]
[White "wadsy27"]
[Black "Pandreq"]
[Result "1-0"]
[WhiteElo "2596"]
[BlackElo "1234"]
[TimeControl "300"]
[EndTime "4:52:19 PDT"]
[Termination "wadsy27 won by checkmate"]

1. c4 e5 2. Nc3 Nc6 3. g3 d6 4. Bg2 Bd7 5. d3 Nf6 6. Nf3 g6 7. Rb1 Bg7 8. b4 O-O 9. b5 Na5 10. Bg5 Rb8 11. O-O b6 12. Nd5 Be6 13. Nd2 Nb7 14. Ne4 h6 15. Bxf6 Bxf6 16. Nexf6+ Kg7 17. Qd2 Nc5 18. f4 Nd7 19. Nxd7 Qxd7 20. fxe5 Bxd5 21. Bxd5 dxe5 22. Qe3 Rbe8 23. Rf2 Re7 24. Rbf1 f5 25. g4 h5 26. gxf5 gxf5 27. Rg2+ Kh7 28. Qg5 Kh8 29. Qh6+ Rh7 30. Qxf8# 1-0

[Event "Live Chess"]
[Site "Chess.com"]
[Date "2024.06.02"]
[Round "-"]
[White "ACM42"]
[Black "KyryloPoluliakh"]
[Result "1-0"]
[WhiteElo "2185"]
[BlackElo "1528"]
[TimeControl "300"]
[EndTime "4:52:23 PDT"]
[Termination "ACM42 won by checkmate"]

1. e4 c5 2. Nf3 Nc6 3. d4 cxd4 4.
Nxd4 g6 5. Be3 Bg7 6. Nc3 Nf6 7. Nxc6 bxc6 8. e5 Ng8 9. f4 Nh6 10. Bd3 d6 11. Qf3 dxe5 12. O-O-O exf4 13. Be4 Qa5 14. Bxc6+ Kf8 15. Bxf4 Bxc3 16. Bxh6+ Kg8 17. Qxc3 Qxc3 18. Rd8# 1-0

[Event "Live Chess"]
[Site "Chess.com"]
[Date "2024.06.02"]
[Round "-"]
[White "nigelst"]
[Black "GwaryTek"]
[Result "0-1"]
[WhiteElo "1734"]
[BlackElo "1840"]
[TimeControl "300"]
[EndTime "4:52:25 PDT"]
[Termination "GwaryTek won by resignation"]

1. e4 Nf6 2. e5 Nd5 3. d4 d6 4. Bc4 Nb6 5. Bb3 dxe5 6. Qh5 e6 7. dxe5 Nc6 8. Nf3 a5 9. a4 g6 10. Qg4 Bg7 11. Bg5 Qd7 12. Bf6 Bxf6 13. exf6 Nd5 14. Bxd5 exd5 15. O-O Qxg4 0-1

[Event "Live Chess"]
[Site "Chess.com"]
[Date "2024.06.02"]
[Round "-"]
[White "f4nomore"]
[Black "Duke_of_Bebington"]
[Result "0-1"]
[WhiteElo "1275"]
[BlackElo "1633"]
[TimeControl "300"]
[EndTime "4:53:06 PDT"]
[Termination "Duke_of_Bebington won by resignation"]

1. c4 c6 2. Nc3 d5 3. cxd5 cxd5 4.
d4 e5 5. dxe5 d4 6. Ne4 Qa5+ 7.
Bd2 Qxe5 8. Ng3 Nf6 9. Nf3 Qd6 10. Qa4+ Nc6 11. O-O-O Qc5+ 12. Kb1 Bd6 13. Rc1 Qb6 14.
Qc4 Be6 15. Qc2 Qa6 16. a3 O-O 17. Ne4 Nxe4 18. Qxe4 Qb6 19. e3 g6 20. exd4 Bf5 21. Qxf5 gxf5 22. Bd3 Bxa3 23. Rc2 Bb4 24. Bxf5 Bxd2 25.
Rxd2 Rad8 26. Ng5 h6 27. Ne4 Kg7 28. d5 Ne5 29. Rhd1 Nc4 30. Rc2 Nd6 31. Nxd6 Qxd6 32. Be4 Rfe8 33. f3 Qxh2 34. g4 Qf4 0-1

[Event "Live Chess"]
[Site "Chess.com"]
[Date "2024.06.02"]
[Round "-"]
[White "jimwad"]
[Black "elis06"]
[Result "0-1"]
[WhiteElo "1303"]
[BlackElo "2326"]
[TimeControl "300"]
[EndTime "4:53:32 PDT"]
[Termination "elis06 won by resignation"]

1. c4 e6 2. g3 d5 3. cxd5 exd5 4. Bg2 c6 5. d4 Bd6 6. Nc3 Nf6 7. Bg5 O-O 8. e4 dxe4 9. Nxe4 Re8 10. Bxf6 Qxf6 11. Ne2 Qd8 12. O-O Bf5 13. Nxd6 Qxd6 14. Nc3 Nd7 15.
d5 cxd5 16. Bxd5 Ne5 17. Bxf7+ Nxf7 18. Qxd6 Nxd6 19. Rad1 Ne4 20. Nxe4 Bxe4 21. Rfe1 Bc6 22. Rf1 Rad8 23. Rc1 Rd2 0-1

[Event "Live Chess"]
[Site "Chess.com"]
[Date "2024.06.02"]
[Round "-"]
[White "degringolade64"]
[Black "Andriy_Yaremovych"]
[Result "1-0"]
[WhiteElo "2128"]
[BlackElo "1629"]
[TimeControl "300"]
[EndTime "4:53:34 PDT"]
[Termination "degringolade64 won by checkmate"]

1. e4 e6 2. d4 b6 3. Bd3 Bb7 4. Nf3 Nf6 5. Qe2 d5 6. e5 Nfd7 7. O-O h6 8. Re1 Qe7 9. b3 Nc6 10. Ba3 Qd8 11. c3 Bxa3 12. Nxa3 Qe7 13. Nc2 O-O-O 14. Ba6 g5 15. Bxb7+ Kxb7 16. a4 a5 17. b4 Ndb8 18. Reb1 f5 19. Qb5 axb4 20. a5 bxc3 21. axb6 cxb6 22. Qxb6+ Kc8 23. Ra8 Qb7 24. Qxb7# 1-0

[Event "Live Chess"]
[Site "Chess.com"]
[Date "2024.06.02"]
[Round "-"]
[White "JanMur7"]
[Black "E2E4colchester"]
[Result "1-0"]
[WhiteElo "2298"]
[BlackElo "1364"]
[TimeControl "300"]
[EndTime "4:53:44 PDT"]
[Termination "JanMur7 won by resignation"]

1. c4 e5 2. Nc3 Nf6 3. Nf3 c6 4. Nxe5 d5 5. cxd5 Nxd5 6. d4 Bd6 7. Nf3 Be6 8. Nxd5 cxd5 9. e3 Nc6 10. Be2 Bb4+ 11.
Bd2 Qb6 12. O-O Bf5 13. Rc1 O-O-O 14. Bxb4 Qxb4 15. Ne5 Be6 16. Nxc6 bxc6 17. Rxc6+ Kb8 18. Qb3 Qxb3 19. axb3 Rc8 20. Rfc1 Kb7 21. Ba6+ Kb8 22. Bxc8 Rxc8 23. Rxc8+ Bxc8 24. Rxc8+ Kxc8 25. Kf1 Kc7 26. Ke2 Kb6 27. Kd3 Kb5 28. e4 dxe4+ 29. Kxe4 a5 30. d5 Kc5 31. Ke5 h6 32. h3 h5 33. h4 g6 34. g3 g5 35. hxg5 Kb4 36. d6 Kxb3 37. d7 1-0

[Event "Live Chess"]
[Site "Chess.com"]
[Date "2024.06.02"]
[Round "-"]
[White "road2gm5000"]
[Black "PureDashingOctopus"]
[Result "0-1"]
[WhiteElo "1103"]
[BlackElo "2279"]
[TimeControl "300"]
[EndTime "4:54:01 PDT"]
[Termination "PureDashingOctopus won by resignation"]

1. e4 c5 2. Nf3 d6 3. Bb5+ Nd7 4. d4 cxd4 5. Nxd4 a6 6. Ba4 Nf6 7. Nc3 b5 8. Bb3 Nc5 9. f3 Bb7 10. Be3 e6 11. Qe2 Be7 12. O-O O-O 13. Qd2 d5 14. exd5 Nxd5 15. Nxd5 Bxd5 16. Bxd5 Qxd5 17. Nb3 Qxd2 18.
Bxd2 Rfd8 19. Rad1 Nxb3 20. axb3 Bc5+ 21. Kh1 Rd5 22. Bc3 Rad8 23. Rxd5 Rxd5 24. g3 f6 25. Kg2 b4 26. Be1 Rd1 27. g4 Rc1 28. Bd2 Rxc2 0-1

[Event "Live Chess"]
[Site "Chess.com"]
[Date "2024.06.02"]
[Round "-"]
[White "raclement"]
[Black "dhairyapandyauk"]
[Result "0-1"]
[WhiteElo "1724"]
[BlackElo "1653"]
[TimeControl "300"]
[EndTime "4:54:23 PDT"]
[Termination "dhairyapandyauk won by resignation"]

1. Nf3 Nf6 2. g3 d5 3. Bg2 g6 4. O-O Bg7 5. c4 O-O 6. cxd5 Nxd5 7. Nc3 Nxc3 8. dxc3 Qxd1 9. Rxd1 c6 10. Bf4 Bf5 11.
Rac1 Nd7 12. Nd2 e5 13. Bg5 h6 14. Be3 Be6 15. b3 f5 16. f4 e4 17. Nf1 Nb6 18.
Bd4 Rad8 19. Bxg7 Kxg7 20. Ne3 Bd5 21. Kf2 Kf6 22. Nxd5+ Nxd5 23. c4 Nc7 24. Ke3 Ne6 25. h3 g5 26. Rd2 Rxd2 27. Kxd2 Rd8+ 28. Ke3 gxf4+ 29. gxf4 Rg8 30. Kf2 Nxf4 31. Rg1 e3+ 32.
Kf1 Nxg2 33. Rxg2 Rxg2 34. Kxg2 Ke5 35. Kf3 f4 36. h4 h5 37. a3 b6 38. b4 b5 39. c5 a6 40. Kg2 Ke4 41. Kh3 f3 42. Kg3 fxe2 0-1

[Event "Live Chess"]
[Site "Chess.com"]
[Date "2024.06.02"]
[Round "-"]
[White "Crowded_House"]
[Black "StoreySniper"]
[Result "0-1"]
[WhiteElo "1648"]
[BlackElo "2497"]
[TimeControl "300"]
[EndTime "4:54:30 PDT"]
[Termination "StoreySniper won by resignation"]

1. d4 g6 2. Bg5 Bg7 3. c3 d6 4. e4 Nf6 5. Bxf6 exf6 6. Nf3 O-O 7. Bd3 Re8 8. Nbd2 f5 9. O-O fxe4 10.
Nxe4 Nd7 11. Re1 Nf6 12. Nxf6+ Bxf6 13. Rxe8+ Qxe8 14. Qe1 Bg4 15. Qxe8+ Rxe8 16. Re1 Rxe1+ 17. Nxe1 c5 18. dxc5 dxc5 19. f3 Be6 20. a3 Kf8 21. Nc2 Bg5 22. g3 Bb3 23. Na1 Be3+ 24. Kf1 c4 25.
Bc2 Ba2 26. Ke2 Bc1 27. b3 Bb2 28. bxc4 Bxa1 29. Kd3 Bb2 30. a4 Ke7 31. Bd1 Kd6 32. f4 Kc5 33. Bf3 Bxc4+ 34. Kc2 Ba3 35. Bxb7 Kb6 36.
Bc8 Bc5 37. f5 g5 38. h4 gxh4 39. gxh4 h5 40. Bd7 Be7 41. Be8 Bxh4 0-1

[Event "Live Chess"]
[Site "Chess.com"]
[Date "2024.06.02"]
[Round "-"]
[White "Dhaydon19"]
[Black "DoctorMantisTobogganMD"]
[Result "0-1"]
[WhiteElo "2637"]
[BlackElo "2188"]
[TimeControl "300"]
[EndTime "4:55:01 PDT"]
[Termination "DoctorMantisTobogganMD won by resignation"]

1. d4 Nf6 2. Nf3 c6 3. g3 d5 4.
Bg2 Bg4 5. O-O Bxf3 6. exf3 e6 7. f4 g6 8. Nd2 Bg7 9. Nf3 O-O 10.
c3 Nbd7 11. Re1 Rc8 12. Be3 c5 13. Qe2 cxd4 14. Bxd4 Ne4 15. Rad1 Bxd4 16. Nxd4 Nef6 17. Nf3 a6 18. Ng5 h6 19. Nf3 b5 20. a3 Qb6 21.
Nd4 Rfe8 22. h3 Rb8 23. Qd2 a5 24. Re3 b4 25. axb4 axb4 26. g4 bxc3 27. bxc3 Nc5 28. f5 Nfe4 29. Bxe4 Nxe4 30. Qd3 Qb2 31. Rf1 Rbc8 32.
fxe6 fxe6 33. Qb5 Qxb5 34. Nxb5 Rc5 35. Nd4 Rxc3 36. Rfe1 Rxe3 37. Rxe3 Kf7 38. f3 Nd6 39. Nc6 Kf6 40. Ne5 Nc4 41. Nxc4 dxc4 42. Rc3 Rc8 43. Kf2 Ke5 44. Ke3 Kd5 45. f4 Rb8 46. Kd2 Kd4 47.
Rf3 Rb3 48. Rf1 Rxh3 49. Re1 Rh2+ 50. Kc1 Rg2 51. Rxe6 Rxg4 52. f5 gxf5 53. Rxh6 f4 54. Rf6 Ke3 55. Re6+ Kf2 56. Kd2 f3 57. Rd6 Re4 58.
Rg6 Kf1 59. Rf6 f2 60. Rh6 Re5 61. Rf6 c3+ 62. Kxc3 Ke2 63. Kd4 Re8 64. Rf8 Rxf8 0-1

[Event "Live Chess"]
[Site "Chess.com"]
[Date "2024.06.02"]
[Round "-"]
[White "E2E4colchester"]
[Black "road2gm5000"]
[Result "0-1"]
[WhiteElo "1194"]
[BlackElo "1115"]
[TimeControl "300"]
[EndTime "4:55:11 PDT"]
[Termination "road2gm5000 won by resignation"]

1. d4 d5 2. c4 e6 3. e3 Nf6 4.
Nc3 Bb4 5. Bd2 Nc6 6. a3 Bxc3 7.
Bxc3 a6 8. b4 dxc4 9. Bxc4 b5 10.
Bb3 Bb7 11. Nf3 O-O 12. Qd3 e5 13. dxe5 Qxd3 0-1

[Event "Live Chess"]
[Site "Chess.com"]
[Date "2024.06.02"]
[Round "-"]
[White "kylet1990"]
[Black "ClassyChameleon"]
[Result "0-1"]
[WhiteElo "750"]
[BlackElo "1546"]
[TimeControl "300"]
[EndTime "4:55:17 PDT"]
[Termination "ClassyChameleon won by resignation"]

1. e4 e5 2. Nc3 Nc6 3. Bc4 Bc5 4. Nf3 Nf6 5. O-O O-O 6. d3 a6 7. Nd5 Nxd5 8. exd5 Na5 9. Bb3 d6 10. Qe2 Bg4 11.
h3 Bh5 12. Be3 Bxe3 13. Qxe3 Re8 14. Qe4 Nxb3 15. axb3 Qf6 16. Ra4 Bxf3 17. Qxf3 Qxf3 18. gxf3 c6 19. dxc6 bxc6 20. Rg4 Re6 21. Kh1 Rg6 22. Rfg1 d5 23. h4 Rxg4 24. Rxg4 h5 25. Rg5 g6 26. Rxe5 a5 27. Kg2 a4 28. bxa4 Rxa4 29. c3 Rxh4 30.
Kg3 Ra4 31. Re8+ Kg7 32. Rc8 Ra6 33. Kf4 Kf6 34. Rd8 Ke7 35. Rc8 f6 36. Rg8 g5+ 37. Kf5 h4 38. Rg7+ Kf8 39. Kg6 c5 40. Rh7 Kg8 41. Rg7+ Kf8 42. Rf7+ Kg8 43. Rd7 Kf8 44. Rxd5 h3 45. Rd8+ Ke7 46. Rh8 Ra2 47. Rxh3 Rxb2 48.
Rh7+ Ke6 49. Rf7 Rxf2 50. Rxf6+ Ke7 51. Kxg5 Rc2 52. Rf4 Rxc3 53. Re4+ Kd6 54. Kf4 Rxd3 55. Re3 Rd4+ 56. Kg3 c4 57. Kf2 Kc5 58. Ke2 Kb4 59. Re6 c3 60. Rb6+ Ka3 61. Ra6+ Kb2 62. Rb6+ Kc1 63.
Rh6 c2 64. Rh1+ Rd1 65. Rh2 Rd2+ 66. Ke3 Rxh2 67. f4 Kd1 68. f5 c1=Q+ 69. Kd4 Rh4+ 0-1

[Event "Live Chess"]
[Site "Chess.com"]
[Date "2024.06.02"]
[Round "-"]
[White "Tatarinov_Maxim"]
[Black "IgorSchukin"]
[Result "1-0"]
[WhiteElo "2287"]
[BlackElo "1767"]
[TimeControl "300"]
[EndTime "4:56:04 PDT"]
[Termination "Tatarinov_Maxim won on time"]

1. d4 d5 2. c4 e5 3. dxe5 d4 4. Nf3 Nc6 5. g3 Bg4 6. Bg2 Qd7 7. O-O O-O-O 8. Nbd2 Bh3 9. Nb3 Bxg2 10. Kxg2 h5 11.
h4 Qg4 12. Bf4 Nge7 13. Qc2 Ng6 14. Bg5 Be7 15. Bxe7 Ncxe7 16. Rad1 Nf5 17. Rh1 Rhe8 18. Kf1 Nxe5 19. Nxe5 Rxe5 20. Qd3 Re3 21. fxe3 Nxe3+ 22. Ke1 Qxg3+ 23. Kd2 Qf4 24. Kc1 Nxd1+ 25. Kxd1 b6 26.
Kc2 c5 27. Rg1 g6 28. Qh3+ Rd7 29. Rf1 Qe4+ 30. Kd2 f5 31. Qf3 Qe7 32. Nc1 Kc7 33. Nd3 Rd6 34. Qf4 Kd7 35. Ne5+ Kd8 36. Nd3 Kd7 37.
Rf2 Re6 38. Rg2 Re3 39. Qxe3 Qxe3+ 40. Kd1 1-0

[Event "Live Chess"]
[Site "Chess.com"]
[Date "2024.06.02"]
[Round "-"]
[White "MovebyMove"]
[Black "UshkoTheBear"]
[Result "1-0"]
[WhiteElo "2485"]
[BlackElo "2317"]
[TimeControl "300"]
[EndTime "4:56:14 PDT"]
[Termination "MovebyMove won by resignation"]

1. e4 e5 2. Nf3 Nc6 3. Bc4 Nf6 4.
d3 h6 5. O-O Bc5 6. c3 a5 7. Nbd2 Ba7 8. h3 d6 9. Re1 g5 10. d4 g4 11. hxg4 Bxg4 12. Qb3 a4 13. Qc2 Rg8 14. b4 exd4 15. e5 dxe5 16. Nxe5 Nxe5 17.
Rxe5+ Kf8 18. Ba3 dxc3 19. b5+ Kg7 20. Ne4 Kh8 21. Be7 Nxe4 22. Bxd8 Bxf2+ 23. Kf1 Raxd8 24. Rxe4 1-0

[Event "Live Chess"]
[Site "Chess.com"]
[Date "2024.06.02"]
[Round "-"]
[White "Bradfield133"]
[Black "friarnator"]
[Result "0-1"]
[WhiteElo "1842"]
[BlackElo "2211"]
[TimeControl "300"]
[EndTime "4:56:16 PDT"]
[Termination "friarnator won on time"]

1. c4 g6 2. g3 Bg7 3. Bg2 c6 4. Qa4 Nf6 5. Nf3 O-O 6. O-O d5 7. d3 a6 8. Nbd2 Nbd7 9. Rb1 e5 10.
cxd5 Nxd5 11. a3 Nc5 12. Qc2 Qe7 13. b4 Ne6 14. Bb2 Nd4 15. Nxd4 exd4 16. Nf3 Nc3 17. e4 c5 18. bxc5 Qxc5 19. Rfc1 Be6 20. Bxc3 dxc3 21. d4 Bxd4 22. Nxd4 Qxd4 23. Qxc3 Qxc3 24.
Rxc3 b5 25. Rbc1 a5 26. e5 Rab8 27. Rc5 b4 28. axb4 axb4 29. Bd5 Bxd5 30. Rxd5 b3 31. Rb1 Rfc8 32. Rd2 Rc5 33. Rdb2 Rcb5 34. Kf1 Kf8 35. Ke2 Ke7 36. Kd3 Ke6 37. Kc4 Kxe5 38. Rxb3 Rxb3 39. Rxb3 Rxb3 40. Kxb3 Kd4 41. Kc2 Ke4 42. Kd2 Kf3 43. Ke1 g5 0-1

[Event "Live Chess"]
[Site "Chess.com"]
[Date "2024.06.02"]
[Round "-"]
[White "Queensandpawns"]
[Black "slava_ukr"]
[Result "1-0"]
[WhiteElo "2260"]
[BlackElo "2373"]
[TimeControl "300"]
[EndTime "4:56:20 PDT"]
[Termination "Queensandpawns won on time"]

1. e4 d5 2. Nc3 dxe4 3. Nxe4 Nf6 4. Ng5 h6 5. Nxf7 Kxf7 6. Nf3 Nc6 7. d4 e6 8. Bd3 Be7 9. O-O Rf8 10. Ne5+ Kg8 11. Re1 Nxd4 12. Ng6 Re8 13. Re3 Nf5 14. Rh3 c5 15. Bf4 c4 16. g4 cxd3 17. gxf5 dxc2 18. Qxc2 exf5 19. Re1 Bf8 20. Qb3+ Kh7 21. Rd1 Qb6 22. Qf7 Ng4 23. Qxe8 Qxf2+ 24. Kh1 Bc5 25. Be3 Qc2 26.
Rf1 Bd7 27. Qxd7 Nxe3 28. Rxe3 Bxe3 29. Qxf5 Qxf5 30. Rxf5 Kxg6 31. Rf3 Bd4 32. Kg2 Rd8 33. Rb3 b6 34. Kh3 Bf6 35. Rg3+ Kf7 36. Rb3 Rd4 37. Kg2 Rf4 38. Ra3 Rg4+ 39. Kf3 Rh4 40. Ke3 Rh3+ 41. Kd2 1-0

[Event "Live Chess"]
[Site "Chess.com"]
[Date "2024.06.02"]
[Round "-"]
[White "MagnersCarlsberg2870"]
[Black "RuslanChessN"]
[Result "0-1"]
[WhiteElo "1770"]
[BlackElo "1913"]
[TimeControl "300"]
[EndTime "4:56:30 PDT"]
[Termination "RuslanChessN won by checkmate"]

1. d4 d5 2. e3 Bf5 3. Bd3 Bg6 4.
Nf3 e6 5. Ne5 c5 6. Bb5+ Ke7 7.
Nxg6+ hxg6 8. c3 a6 9. Bd3 Nc6 10. Nd2 Nf6 11. Qe2 Kd7 12. h3 c4 13. Bc2 e5 14. e4 exd4 15. cxd4 Nxd4 16. Qd1 Bb4 17. a3 Bxd2+ 18. Bxd2 Nxc2+ 19. Qxc2 Nxe4 20. Be3 f5 21. O-O-O Ke6 22. f3 Nf6 23. Bc5 Re8 24. Rhe1+ Kf7 25.
Qc3 Qc7 26. Bd4 Qc6 27. g4 Rxe1 28. Rxe1 Re8 29. g5 Nh5 30. Kb1 Nf4 31. Rxe8 Qxe8 32.
Bxg7 Nd3 33. Qf6+ Kg8 34. Bh6 Qe1+ 35. Ka2 Nc1+ 36. Kb1 Nb3+ 37. Kc2 Qc1# 0-1

[Event "Live Chess"]
[Site "Chess.com"]
[Date "2024.06.02"]
[Round "-"]
[White "CarmelJane"]
[Black "Zhevzh1k7"]
[Result "1-0"]
[WhiteElo "2035"]
[BlackElo "1112"]
[TimeControl "300"]
[EndTime "4:56:38 PDT"]
[Termination "CarmelJane won by checkmate"]

1. e4 c6 2. Nc3 d5 3. Nf3 Bg4 4. Be2 Qb6 5. O-O dxe4 6. Nxe4 Nf6 7. Ng3 e6 8. h3 Bxf3 9. Bxf3 Bc5 10. c3 Nbd7 11.
d4 Bd6 12. Ne4 Nxe4 13. Bxe4 O-O 14. Qh5 h6 15. Bc2 Nf6 16. Qe2 Rfe8 17. Qd3 c5 18. Be3 cxd4 19. Bxd4 Qd8 20. Bxf6 gxf6 21. Qh7+ Kf8 22.
Qxh6+ Ke7 23. Rfd1 Rh8 24. Qe3 Qc7 25. Ba4 Bh2+ 26.
Kf1 Qc4+ 27. Rd3 Qxa4 28. Qc5+ Ke8 29. Rad1 Qa6 30. c4 b6 31. Qc6+ Kf8 32. Qxa8+ Kg7 33. Qe4 f5 34. Qd4+ Kh7 35. Qh4+ Kg7 36. Qg5+ Kh7 37.
Rd4 Rg8 38. Rh4# 1-0

[Event "Live Chess"]
[Site "Chess.com"]
[Date "2024.06.02"]
[Round "-"]
[White "kylet1990"]
[Black "Dhaydon19"]
[Result "0-1"]
[WhiteElo "750"]
[BlackElo "2637"]
[TimeControl "300"]
[EndTime "4:56:45 PDT"]
[Termination "Dhaydon19 won by resignation"]

1. e4 c6 2. Nc3 d5 3. Nf3 dxe4 4. Nxe4 Nf6 5. Nxf6+ exf6 6. d4 Bd6 7. Bc4 O-O 8.
O-O Bg4 9. h3 Bh5 10. g4 Bg6 11. Bf4 Bxf4 0-1

[Event "Live Chess"]
[Site "Chess.com"]
[Date "2024.06.02"]
[Round "-"]
[White "elis06"]
[Black "JanMur7"]
[Result "1-0"]
[WhiteElo "2342"]
[BlackElo "2291"]
[TimeControl "300"]
[EndTime "4:56:52 PDT"]
[Termination "elis06 won by resignation"]

1. d4 Nf6 2. c4 a6 3. Nc3 b5 4. cxb5 axb5 5. Nxb5 e5 6. e3 Ne4 7. Nc3 Bb4 8. Bd2 Nxd2 9. Qxd2 O-O 10. dxe5 Nc6 11.
Nf3 Qe7 12. Bd3 Nxe5 13. Nxe5 Qxe5 14. O-O Bb7 15. f4 Qf6 16. Qc2 h6 17. a3 Bc5 18.
Rae1 Rfe8 19. Ne4 Bxe4 20. Bxe4 1-0

[Event "Live Chess"]
[Site "Chess.com"]
[Date "2024.06.02"]
[Round "-"]
[White "McFim"]
[Black "MaksymYurii"]
[Result "1-0"]
[WhiteElo "1719"]
[BlackElo "999"]
[TimeControl "300"]
[EndTime "4:56:57 PDT"]
[Termination "McFim won by checkmate"]

1. e4 e5 2. Nf3 Nc6 3. Bb5 d6 4.
d4 Bd7 5. d5 Nd4 6. Bxd7+ Qxd7 7.
Nxd4 exd4 8. Qxd4 Nf6 9. f3 c6 10. c4 Be7 11. O-O c5 12. Qd3 a6 13. Nc3 b5 14. cxb5 axb5 15. Qxb5 Qxb5 16. Nxb5 O-O 17.
a4 Rfb8 18. Bd2 h5 19. Rfb1 Bd8 20. b4 cxb4 21. Bxb4 Ne8 22. Bxd6 Nxd6 23. Nxd6 Rxb1+ 24. Rxb1 Rxa4 25. Rb8 Ra1+ 26. Kf2 Ra2+ 27. Kg3 Kh7 28. Rxd8 g5 29. Nxf7 Kg6 30. Ne5+ Kf6 31. Nc6 h4+ 32. Kh3 Kg6 33. Rg8+ Kh5 34. Ne5 Kh6 35. Rh8+ Kg7 36. Re8 Kf6 37. Re6+ Kg7 38. Rg6+ Kh7 39. Rxg5 Kh6 40.
Kxh4 Kh7 41. h3 Ra6 42. g4 Rh6+ 43. Kg3 Ra6 44. h4 Ra3 45. Nd7 Kh6 46. Rg8 Ra7 47.
Nf6 Ra6 48. g5# 1-0

[Event "Live Chess"]
[Site "Chess.com"]
[Date "2024.06.02"]
[Round "-"]
[White "defenderalist"]
[Black "Ferrarifan27"]
[Result "1-0"]
[WhiteElo "1549"]
[BlackElo "2158"]
[TimeControl "300"]
[EndTime "4:56:59 PDT"]
[Termination "defenderalist won by checkmate"]

1. e4 e5 2. f4 exf4 3. Nf3 Be7 4. Bc4 d6 5. d4 g5 6. O-O Nc6 7. Nc3 Bg4 8. h3 Bh5 9. Qe1 Bxf3 10. Rxf3 Nxd4 11.
Rd3 Nxc2 12. Qd1 Nxa1 13. Qh5 Kd7 14. Qxf7 Kc8 15. Be6+ Kb8 16. Nd5 Qf8 17. Qh5 Nf6 18. Qd1 Nxd5 19. Bxd5 Bf6 20. Bd2 Bxb2 21. Qb1 Qg7 22.
Bc3 Qf8 23. Bxb2 Nc2 24. Bxh8 b6 25. Bxa8 Kxa8 26. Qxc2 Qxh8 27. Qxc7 Qa1+ 28. Kh2 a5 29. Rxd6 f3 30. Rd8# 1-0

[Event "Live Chess"]
[Site "Chess.com"]
[Date "2024.06.02"]
[Round "-"]
[White "lateforthesky"]
[Black "LL220284LL"]
[Result "0-1"]
[WhiteElo "2037"]
[BlackElo "2500"]
[TimeControl "300"]
[EndTime "4:57:29 PDT"]
[Termination "LL220284LL won by resignation"]

1. e4 c6 2. Nf3 d6 3. d4 g6 4. Be3 Bg7 5. Qd2 Nd7 6. Nc3 a6 7. Bd3 b5 8. O-O Bb7 9. Rae1 c5 10. d5 Qa5 11. a3 Rc8 12. h3 c4 13.
Be2 Nc5 14. Bd4 Nf6 15. Bd1 O-O 16. Qe3 Qd8 17. Nh2 e6 18. dxe6 fxe6 19. e5 Nd5 20. Nxd5 Bxd5 21. exd6 Qxd6 22. Ng4 Qf4 23. Bxc5 Qxe3 24.
Bxe3 h5 25. Nh2 Bxb2 26. Bf3 Bxa3 27. Ra1 b4 28. Rfd1 Rfd8 29. Bxd5 Rxd5 30. Rxd5 exd5 31. Nf3 a5 32. Nd4 a4 33. Kf1 Ra8 34. Ke2 Bb2 35.
Ra2 a3 36. Kd1 Kf7 37. Nb5 b3 38. cxb3 cxb3 39. Rxb2 axb2 40. Nc3 Ra1+ 41. Kd2 Rc1 0-1

[Event "Live Chess"]
[Site "Chess.com"]
[Date "2024.06.02"]
[Round "-"]
[White "Grace6363"]
[Black "RichardABates"]
[Result "0-1"]
[WhiteElo "1147"]
[BlackElo "2340"]
[TimeControl "300"]
[EndTime "4:58:13 PDT"]
[Termination "RichardABates won by resignation"]

1. d4 Nf6 2. c4 e6 3. Nf3 Bb4+ 4. Bd2 a5 5. a3 Bxd2+ 6. Nbxd2 O-O 7. e4 d5 8. e5 Ne4 9. Bd3 Nxd2 10. Qxd2 dxc4 11. Bxc4 b6 12. O-O Bb7 13. Qe3 Bxf3 14. gxf3 Nc6 15.
Kh1 Qxd4 16. Qxd4 Nxd4 17. Kg2 Rfd8 18. Rad1 Nf5 19. Bd3 c5 20. Be4 Rab8 21. Bxf5 exf5 22. f4 Kf8 23. Kf3 Ke7 24. h4 Rxd1 25. Rxd1 Rd8 26. Rg1 g6 27. h5 Rd3+ 28. Kg2 a4 29. hxg6 hxg6 30. Kh2 Rf3 31. b4 cxb4 32. axb4 Rxf4 33. b5 Rxf2+ 0-1

[Event "Live Chess"]
[Site "Chess.com"]
[Date "2024.06.02"]
[Round "-"]
[White "juniortay"]
[Black "missedJariChance"]
[Result "1-0"]
[WhiteElo "2355"]
[BlackElo "1356"]
[TimeControl "300"]
[EndTime "4:58:14 PDT"]
[Termination "juniortay won by checkmate"]

1. e4 c5 2. Nf3 e6 3. d4 cxd4 4. Bg5 Be7 5. Bxe7 Qxe7 6. Qxd4 Nf6 7. Nc3 Nc6 8. Qd2 O-O 9. O-O-O a6 10. Qd6 Re8 11. Be2 Nb4 12. a3 Nc6 13. h3 Qxd6 14. Rxd6 b5 15. Rhd1 Bb7 16. e5 Nh5 17. Rxd7 Rab8 18.
g3 g6 19. Rc7 Red8 20. Rdd7 Rxd7 21. Rxd7 Ng7 22. Ne4 Bc8 23. Nf6+ Kh8 24. Rxf7 Nf5 25. Rxh7# 1-0

[Event "Live Chess"]
[Site "Chess.com"]
[Date "2024.06.02"]
[Round "-"]
[White "ClassyChameleon"]
[Black "MovebyMove"]
[Result "0-1"]
[WhiteElo "1556"]
[BlackElo "2486"]
[TimeControl "300"]
[EndTime "4:58:33 PDT"]
[Termination "MovebyMove won by resignation"]

1. e4 e5 2. Nf3 Nc6 3. d4 exd4 4. Nxd4 Bc5 5. Be3 Bb6 6. Bc4 Nf6 7. Nc3 O-O 8. O-O d6 9. Qf3 Nxd4 10. Bxd4 Bxd4 11. Rad1 Bxc3 12. bxc3 Qe7 13. Rd4 Be6 14.
Bb3 Rfe8 15. Re1 Bxb3 16. cxb3 Qe5 17. h3 d5 18. Rxd5 Nxd5 19. exd5 Qxe1+ 0-1